 Dungeon Crawl Stone Soup version 0.19.0-16-g73b5abf (webtiles) character file.

192 Leibowitz the Poker (level 5, -2/40 HPs)
             Began as a Merfolk Gladiator on Nov 10, 2016.
             Slain by an ogre
             ... wielding a +0 giant club
              (25 damage)
             ... on level 4 of the Dungeon.
             The game lasted 00:07:20 (2502 turns).

Leibowitz the Poker (Merfolk Gladiator)             Turns: 2502, Time: 00:07:20

Health: -2/40      AC:  8    Str: 16    XL:     5   Next: 71%
Magic:  5/5        EV: 12    Int:  7    God:
Gold:   205        SH:  0    Dex: 15    Spells: 0 memorised, 4 levels left

rFire  . . .     SeeInvis .     a - +0 trident
rCold  . . .     Gourm    .     y - +0 swamp dragon scales
rNeg   . . .     Faith    .     (no shield)
rPois  +         Spirit   .     c - +0 helmet
rElec  .         Reflect  .     (no cloak)
rCorr  .         Harm     .     (no gloves)
MR     +....                    (no boots)
Stlth  ++........               n - amulet of rage
                                t - ring of stealth
                                r - ring of protection from magic

@: heavily drained
A: change form in water, swift swim, stealthy swim
a: Evoke Berserk Rage


You were on level 4 of the Dungeon.
You were not hungry.

You visited 1 branch of the dungeon, and saw 4 of its levels.

You collected 205 gold pieces.

Inventory:

Hand Weapons
 a - a +0 trident (weapon)
Missiles
 d - 2 throwing nets (quivered)
Armour
 c - a +0 helmet (worn)
 y - +0 swamp dragon scales (worn)
Jewellery
 n - an amulet of rage (around neck)
 r - a ring of protection from magic (left hand)
 t - a ring of stealth (right hand)
Scrolls
 b - 3 scrolls of identify {unknown}
 i - a scroll of magic mapping {unknown}
 j - 2 scrolls of teleportation {unknown}
 k - a scroll of fear {unknown}
 o - a scroll of immolation {unknown}
 s - 3 scrolls of remove curse {unknown}
 x - a scroll of random uselessness {unknown}
 B - a scroll of amnesia {unknown}
Potions
 e - a potion of curing {unknown}
 g - 2 potions of brilliance {unknown}
 h - a potion of heal wounds {unknown}
 l - a potion of might {unknown}
 q - a potion of ambrosia {unknown}
 u - a potion of cure mutation {unknown}
 v - a potion of haste {unknown}
 w - a potion of lignification {unknown}
 A - a potion of flight {unknown}
Books
 z - a book of Misfortune

   Spells                             Type                      Level
   a - Confusing Touch                Hexes                        1
   b - Confuse                        Hexes                        3
   c - Gell's Gravitas                Hexes/Translocation          3
   d - Petrify                        Transmutation/Earth          4
   e - Metabolic Englaciation         Hexes/Ice                    5
   f - Yara's Violent Unravelling     Hexes/Transmutation          5
Comestibles
 f - 2 bread rations
 m - 3 fruits
 p - a meat ration
 C - a chunk of flesh


   Skills:
 + Level 2.9(1.6) Fighting
 + Level 6.4(5.0) Polearms
 + Level 2.3(1.1) Throwing
 + Level 1.4(0.2) Armour
 + Level 5.0(3.7) Dodging
 + Level 1.4(0.3) Stealth


You had 4 spell levels left.
You didn't know any spells.

Dungeon Overview and Level Annotations

Branches:
Dungeon (4/15)
 Temple: D:4-7

Altars:
Kikubaaqudgha
Sif Muna

Annotations:
D:4 Aksej's ghost, amateur DsFi


Message History

The ogre is lightly wounded.
The ogre barely misses you.
You barely miss the ogre.
The ogre is lightly wounded.
You hit the ogre.
The ogre is moderately wounded.
The ogre hits you with a giant club!
You barely miss the ogre.
The ogre is moderately wounded.
The ogre closely misses you.
You barely miss the ogre.
The ogre is moderately wounded.
The ogre barely misses you.
You hit the ogre.
The ogre is heavily wounded.
Your swamp dragon scales prevents you from hitting the ogre.
The ogre is heavily wounded.
The ogre hits you with a giant club!!
Ouch! That really hurt!
You die...

......#.# #.###......#
##....#.# #...........
##.####.# ####..#.###
........# ##.#.#
......### #...#
......####### ##..#
..............##..######
........................
......#####.....@.......
......# #......O.......
..<...# #..............
####### #..............
#............<.
#............!.
##..........>.#
##............


You could see an ogre.

Vanquished Creatures
  An orc priest (D:3)
  An iguana (D:4)
  3 adders
  A shadow imp (D:3)
  An ooze (D:2)
  2 worms
  9 dart slugs
  2 leopard geckos
  6 orcs (D:3)
  6 bats
  3 giant cockroaches
  5 goblins
  2 jackals (D:3)
  A ball python (D:2)
  3 frilled lizards
  14 kobolds
  7 rats
67 creatures vanquished.

Vanquished Creatures (others)
  7 toadstools (D:1)
7 creatures vanquished.

Grand Total: 74 creatures vanquished

Notes
Turn   | Place    | Note
-------+----------+-------------------------------------------
     0 | D:1      | Leibowitz the Merfolk Gladiator began the quest for the Orb.
     0 | D:1      | Reached XP level 1. HP: 16/16 MP: 1/1
   178 | D:1      | Reached XP level 2. HP: 18/23 MP: 2/2
   735 | D:2      | Reached XP level 3. HP: 28/28 MP: 3/3
   755 | D:2      | Found an ancient bone altar of Kikubaaqudgha.
   847 | D:2      | Reached skill level 5 in Polearms
  1325 | D:3      | Reached XP level 4. HP: 10/34 MP: 4/4
  1681 | D:3      | Reached skill level 1 in Stealth
  1730 | D:3      | Found a deep blue altar of Sif Muna.
  1837 | D:3      | Reached skill level 6 in Polearms
  1837 | D:3      | Reached skill level 1 in Armour
  1837 | D:3      | Reached XP level 5. HP: 38/40 MP: 5/5
  2212 | D:4      | Reached skill level 5 in Dodging
  2296 | D:4      | Noticed Aksej's ghost (amateur DsFi)
  2359 | D:4      | Found a deep blue altar of Sif Muna.
  2491 | D:4      | Noticed an ogre
  2502 | D:4      | Slain by an ogre

Skill      XL: |  1  2  3  4  5 |
---------------+----------------+-----
Polearms       | 5 6 |  6.4
Stealth        | 1 |  1.4
Armour         | 1 |  1.4
Dodging        | 5 |  5.0
Fighting       | |  2.9
Throwing       | |  2.3

Action                   |  1- 3 |  4- 6 || total
-------------------------+-------+-------++-------
Melee: Trident           |   115 |   103 ||   218
       Tailslap          |     2 |    11 ||    13
Throw: Throwing net      |       |     5 ||     5
 Stab: Sleeping          |     7 |       ||     7
       Held in net/web   |       |     3 ||     3
  Eat: Chunk             |       |     4 ||     4
       Fruit             |       |     1 ||     1
Armor: Leather armour    |    31 |     7 ||    38
       Swamp dragon scal |       |    16 ||    16
Dodge: Dodged            |    82 |    60 ||   142
